 Dungeon Crawl Stone Soup version 0.25-a0-589-g1e14c549ee (webtiles) character file.

Game seed: 9170576433977771629, levelgen mode: deterministic

115 MisterFreud the Skirmisher (level 4, -2/23 HPs)
             Began as a Felid Skald on Mar 9, 2020.
             Slain by an orc wizard
             ... wielding a +0 dagger
              (3 damage)
             ... on level 3 of the Dungeon.
             The game lasted 00:05:37 (2737 turns).

MisterFreud the Skirmisher (Felid Skald)            Turns: 2737, Time: 00:05:37

Health: -2/23      AC:  1    Str:  7    XL:     4   Next: 68%
Magic:  8/8        EV: 19    Int: 14    God:
Gold:   94         SH:  0    Dex: 17    Spells: 4/7 levels left
                                        Lives:  0   Deaths: 1

rFire    . . .     SeeInvis +     - Unarmed
rCold    . . .     Gourm    .   (shield unavailable)
rNeg     . . .     Faith    .   (armour unavailable)
rPois    .         Spirit   .   (helmet unavailable)
rElec    .         Reflect  .   (cloak unavailable)
rCorr    .         Harm     .   (gloves unavailable)
MR       .....                  (boots unavailable)
Stlth    +++.......             (no amulet)
HPRegen  0.07/turn              (no ring)
MPRegen  0.11/turn              (no ring)

@: quick
A: very small, no armour, no weapons or thrown items, stealth, claws 1, fangs 3,
see invisible, carnivore, speed 1, shaggy fur 1, slow metabolism 1, sharp paws
a: no special abilities


You were on level 3 of the Dungeon.
You were not hungry.

You visited 1 branch of the dungeon, and saw 3 of its levels.
You also visited: Sewer.

You collected 94 gold pieces.

Inventory:

Wands
 l - a wand of acid (7)
Scrolls
 d - 2 scrolls of magic mapping {unknown}
 h - 2 scrolls of fear
Potions
 a - 2 potions of experience {unknown}
 e - 2 potions of might {unknown}
 f - a potion of heal wounds
 g - a potion of degeneration {unknown}
 i - 2 potions of lignification {unknown}
 j - a potion of magic {unknown}
 k - a potion of brilliance {unknown}
 m - 2 potions of flight {unknown}
Comestibles
 b - 8 rations


   Skills:
 - Level 5.1 Fighting
 + Level 4.0 Dodging
 + Level 2.4 Stealth
 + Level 2.6 Unarmed Combat
 - Level 2.0 Spellcasting
 - Level 3.6 Charms


You had 4 spell levels left.
You knew the following spells:

 Your Spells              Type           Power        Failure   Level  Hunger
a - Infusion              Chrm           ##..         5%          1    ##.....
b - Shroud of Golubria    Chrm/Tloc      #.....       17%         2    ###....

Your spell library contained the following spells:

 Spells                   Type           Power        Failure   Level  Hunger
 Song of Slaying          Chrm           ##......     9%          2    ###....
 Ozocubu's Armour         Chrm/Ice       #.......     34%         3    ####...
 Spectral Weapon          Hex/Chrm       Unusable     N/A         3    N/A

Dungeon Overview and Level Annotations

Branches:
Dungeon (3/15)              Sewer (visited)

Altars:
Okawaru


Innate Abilities, Weirdness & Mutations

You cannot wear armour.
You are incapable of wielding weapons or throwing items.
Your paws allow you to move quietly. (Stealth)
You have sharp claws.
You have razor-sharp teeth.
You have supernaturally acute eyesight. (SInv)
You are carnivorous and can eat meat at any time.
You cover ground quickly.
You are covered in fur. (AC +1)
You have a slow metabolism.
Your sharp claws are effective at attacking unaware monsters.


Message History

The orc hits you with a +0 mace.
The orc wizard hits you but does no damage.
The orc barely misses you. The orc closely misses you.
The orc wizard barely misses you. The orc closely misses you.
The orc wizard hits you with a +0 dagger.
The orc closely misses you.
The orc wizard hits you with a +0 dagger.
* * * LOW HITPOINT WARNING * * *
The orc misses you. The orc misses you. The orc wizard misses you.
The orc barely misses you. The orc misses you.
The orc wizard closely misses you. The orc completely misses you.
The orc closely misses you. The orc wizard closely misses you.
The orc misses you. The orc closely misses you.
The orc wizard hits you with a +0 dagger.
* * * LOW HITPOINT WARNING * * *
The orc misses you.
The orc wizard hits you with a +0 dagger.
You die...

##.## ##.#.#.## #.# ##...## #.#
##.## .# ##'# ##รท## #.# ##..>##
##..<## ... ##.....## #.....#
#.#### ##.......## #...#.#
#.##.##
#.........####o..#.#######.#...#
'.........'..oo@................
#.........####.....###.........#
##.......## #..#..# #.###.##..#
##.....## #.##..# #.# #.#...#
##...## #.....# #.###.....# ##'#
####.## #.........# #. #.
########.## # #. #.# #.#


You could see an orc wizard (invisible) and 2 orcs.

Vanquished Creatures
  An ice beast (D:3)
  5 gnolls (D:2)
  2 adders
  4 oozes
  2 dart slugs
  2 leopard geckos
  An orc (D:3)
  4 ball pythons
  13 bats
  A giant cockroach (D:1)
  3 goblins
  5 hobgoblins
  8 frilled lizards
  2 kobolds (D:2)
  7 rats
60 creatures vanquished.

Notes
Turn   | Place    | Note
-------+----------+-------------------------------------------
     0 | D:1      | MisterFreud the Felid Skald began the quest for the Orb.
     0 | D:1      | Reached XP level 1. HP: 9/9 MP: 4/4
   204 | D:1      | Reached XP level 2. HP: 13/13 MP: 1/6
   266 | D:1      | Reached skill level 3 in Fighting
   879 | D:2      | Reached XP level 3. HP: 5/17 MP: 7/7
  1165 | D:2      | Found a faded altar of an unknown god.
  1272 | D:1      | Learned a level 2 spell: Shroud of Golubria
  1305 | D:2      | Found an iron altar of Okawaru.
  1315 | D:2      | Reached skill level 4 in Fighting
  1481 | D:2      | Reached XP level 4. HP: 22/22 MP: 8/8
  2122 | D:3      | Reached skill level 5 in Fighting
  2175 | D:3      | Found a glowing drain.
  2188 | Sewer    | Entered a sewer
  2610 | Sewer    | Noticed Purgy
  2632 | D:3      | Reached XP level 5. HP: 26/26 MP: 9/9
  2656 | D:3      | Noticed an ice beast
  2677 | D:3      | Killed an ice beast
  2680 | D:3      | Slain by a hound
  2681 | D:3      | Reached XP level 4. HP: -2/23 MP: 0/8
  2736 | D:3      | HP: 1/23 [orc wizard/+0 dagger (3)]
  2737 | D:3      | Slain by an orc wizard

Levels and vault maps discovered:
D:1:      mainiacjoe_arrival_reflecting_pool, layout_loops_ring
D:2:      layout_loops_ring, okawaru_altar_gauntlet_db,
          chequers_ecumenical_altar_island
D:3:      layout_loops_corners, portal_sewer_entry_a

Skill      XL: |  1  2  3  4  5 |
---------------+----------------+-----
Fighting       | 3 4 5 |  5.1
Dodging        | 4 |  4.0
Stealth        | 2 |  2.4
Unarmed Combat | |  2.6
Spellcasting   | |  2.0
Charms         | |  3.6

Action                   |  1- 3 |  4- 6 || total
-------------------------+-------+-------++-------
Melee: Unarmed           |    82 |   124 ||   206
       Bite              |     7 |     9 ||    16
       Punch             |     1 |     2 ||     3
 Cast: Infusion          |    12 |     4 ||    16
       Shroud of Golubri |     1 |     8 ||     9
  Use: Scroll            |       |     6 ||     6
 Stab: Sleeping          |     5 |     4 ||     9
  Eat: Chunk             |     7 |     4 ||    11
Armor: Skin              |    14 |     6 ||    20
Dodge: Dodged            |    86 |   111 ||   197

Table legend:
 A = Non-vault XP
 B = Vault XP
 C = Vault XP percentage of total XP
 D = Non-vault monster count
 E = Vault monster count
 F = Vault count percentage of total count
                 A         B        C        D         E       F
            +---------+---------+-------+---------+---------+-------
      Total |     268 |      55 |  17.0 |      45 |      15 |  25.0
            +---------+---------+-------+---------+---------+-------
        D:1 |      38 |       0 |   0.0 |      15 |       0 |   0.0
        D:2 |      75 |      33 |  30.6 |      22 |       5 |  18.5
        D:3 |     155 |       2 |   1.3 |       8 |       2 |  20.0
      Sewer |       0 |      20 | 100.0 |       0 |       8 | 100.0
            +---------+---------+-------+---------+---------+-------
